 Dungeon Crawl Stone Soup version 0.18.1-47-g9310371 (webtiles) character file.

91030 Wardy the Spear-Bearer (level 15, -22/98 HPs)
             Began as a Demonspawn Gladiator on June 23, 2016.
             Was the Champion of Qazlal.
             Annihilated by Wiglaf
             ... wielding a +0 broad axe
              (29 damage)
             ... on level 3 of the Depths.
             The game lasted 01:53:19 (15915 turns).

Wardy the Spear-Bearer (Demonspawn Gladiator)      Turns: 15915, Time: 01:53:21

Health: -22/98     AC: 22    Str: 24      XL:     15   Next: 53%
Magic:  25/25      EV: 33    Int: 13 (14) God:    Qazlal [******]
Gold:   1141       SH: 18    Dex: 23 (24) Spells: 0 memorised, 14 levels left

rFire  + . .     SeeInvis .     j - +5 demon trident (flame)
rCold  + + .     Gourm    .     I - +6 scale mail "Fookimad" {MR+}
rNeg   . . .     Faith    .     F - +3 buckler
rPois  .         Spirit   .     h - +0 helmet
rElec  .         Dismiss  .     T - +2 cloak
rCorr  +         Reflect  .     A - +2 pair of fencer's gloves {LBl+4 SBl+4 EV+3 Dex+6}
SustAt .         Harm     .     (boots unavailable)
MR     ++...     Clarity  +     (no amulet)
Stlth  +.........               p - +2 ring of strength
                                k - ring of resist corrosion

@: agile, protected from fire, repel missiles, very resistant to hostile
enchantments, very unstealthy
A: claws 1, talons 3, blink, blurry vision 1, clarity, clever 2, cold resistance
2, deterioration 2, powered by death 2, powered by pain 2, regeneration 1, wild
magic 1, sturdy frame 3
a: Blink, Upheaval, Elemental Force, Disaster Area, Renounce Religion


You were on level 3 of the Depths.
You worshipped Qazlal.
Qazlal was exalted by your worship.
You were near starving.

You visited 3 branches of the dungeon, and saw 19 of its levels.

You collected 1141 gold pieces.

Inventory:

Hand Weapons
 j - a +5 demon trident of flaming (weapon)
 K - a cursed -1 longbow
 O - a +2 halberd of protection
 P - a +1 scythe of flaming
Missiles
 d - 6 throwing nets (quivered)
Armour
 e - a +1 cloak
 h - a +0 helmet (worn)
 s - a +0 plate armour
 A - the +2 pair of fencer's gloves (worn) {LBl+4 SBl+4 EV+3 Dex+6}
   (You found it on level 7 of the Dungeon)

   It affects your evasion (+3).
   It affects your dexterity (+6).
 F - a +3 buckler (worn)
 I - the +6 scale mail "Fookimad" (worn) {MR+}
   (You found it on level 5 of the Dungeon)

   It affects your resistance to hostile enchantments.
 T - a +2 cloak (worn)
Jewellery
 k - a ring of resist corrosion (left hand)
 p - a +2 ring of strength (right hand)
 x - an uncursed ring of stealth
 V - a +2 ring of intelligence
 W - an uncursed ring of protection from cold
Wands
 b - a wand of lightning (11/15)
 o - a wand of iceblast (7/15)
 v - a wand of digging (14/24)
 y - a wand of lightning (5/15)
 B - a wand of iceblast (7/15)
 G - a wand of flame (21/48)
 L - a wand of iceblast (10/15)
 N - a wand of lightning (15/15)
 R - a wand of paralysis (5/24)
Scrolls
 a - 2 scrolls of fog
 l - 3 scrolls of remove curse
 C - a scroll of enchant armour
 H - 2 scrolls of magic mapping
 M - 4 scrolls of recharging
 Q - a scroll of identify
 S - 2 scrolls of blinking
 U - 3 scrolls of teleportation
Potions
 g - a potion of might
 i - 3 potions of agility
 m - a potion of beneficial mutation {unknown}
 n - a potion of lignification {unknown}
 r - 6 potions of flight
 t - 3 potions of curing
 w - a potion of magic {unknown}
 J - 2 potions of invisibility {unknown}
Books
 D - a book of Beasts

   Spells                             Type                      Level
   a - Summon Butterflies             Summoning                    1
   b - Call Canine Familiar           Summoning                    3
   c - Summon Ice Beast               Ice/Summoning                4
   d - Summon Mana Viper              Hexes/Summoning              5
   e - Summon Hydra                   Summoning                    7
Miscellaneous
 E - a crystal ball of energy
Comestibles
 c - 2 beef jerkies
 f - 16 bread rations
 q - 9 fruits
 u - 7 meat rations
 z - 2 slices of pizza


   Skills:
 - Level 3.2 Fighting
 - Level 14.8 Polearms
 - Level 1.7 Throwing
 + Level 9.0 Armour
 - Level 14.4 Dodging
 * Level 6.3 Shields
 - Level 14.3 Invocations


You had 14 spell levels left.
You didn't know any spells.

Dungeon Overview and Level Annotations

Branches:
Dungeon (15/15)            Temple (1/1) D:4            Lair (0/8) D:8
    Orc (0/2) D:12         Depths (3/5) D:15
 Vaults: D:13-14

Altars:
Ashenzari
Cheibriados
Dithmenos
Elyvilon
Fedhas
Gozag
Kikubaaqudgha
Makhleb
Nemelex Xobeh
Okawaru
Pakellas
Qazlal
Ru
Sif Muna
Trog
Vehumet
Xom
Yredelemnul
Zin
The Shining One

Shops:
D:10 *   D:11 }

Annotations:
Depths:3 Wiglaf


Innate Abilities, Weirdness & Mutations

You have claws for feet.
You regenerate health from kills.
You sometimes gain power by taking damage.
Your movements are significantly less encumbered by armour (ER -6).
You have sharp fingernails.
You can translocate small distances at will.
Scrolls take you a little longer to read.
You possess an exceptional clarity of mind.
Your mind is very acute. (Int +4)
Your flesh is very cold resistant.
Your body often deteriorates upon taking damage.
Your natural rate of healing is unusually fast.
Your spells are a little harder to cast, but a little more powerful.


Message History

You block Wiglaf's attack.
You puncture Wiglaf! You burn Wiglaf. You claw Wiglaf, but do no damage.
Wiglaf is severely wounded.
The salamander stormcaller points at you and mumbles some strange words.
A raging storm of fire appears!
The great blast of fire engulfs you!
* * * LOW HITPOINT WARNING * * *
Your body deteriorates!
You feel dopey.
The great blast of fire engulfs Wiglaf.
The great blast of fire engulfs the salamander.
The salamander partially resists.
A fire vortex comes into view.
Drink which item? (? for menu, Esc to quit)
It was a potion of curing.
You feel better.
You are engulfed in roaring flames.
Your resistance to physical damage fades away.
You feel protected from fire.
* * * LOW HITPOINT WARNING * * *
You focus on the pain.
You feel more agile all of a sudden.
Wiglaf is engulfed in roaring flames.
Wiglaf hits you with a broad axe!!
You die...

#### ###### .....
#######.....
.§...i########....##.<...
≈≈§.cNNg@v§.''..⌠.''.....
≈§≈§cD########....##...<.
..... #######..... .§..
###### ... .. #


You could see Wiglaf, a fire dragon, a salamander stormcaller, a salamander, a
spriggan rider, 2 yaktaurs and a fire vortex.

Vanquished Creatures
  A tentacled monstrosity (Depths:3)
  4 fire giants
  An iron dragon (Depths:1)
  A frost giant (Depths:3)
  5 very ugly things
  3 spark wasps (Depths:1)
  3 ettins
  3 fire dragons
  Josephine (D:10)
  2 great orbs of eyes
  Erolcha (D:10)
  A yaktaur captain (D:15)
  4 ice dragons
  2 entropy weavers
  A hydra (D:14)
  A hell beast (Depths:1)
  4 centaur warriors
  2 deep troll shamans (Depths:1)
  An ogre mage (Depths:2)
  2 deep troll earth magi (Depths:1)
  A shock serpent (Depths:1)
  4 hell knights (Depths:2)
  An iron troll (Depths:1)
  A wizard (D:15)
  5 deep trolls (Depths:1)
  10 skeletal warriors
  An unseen horror (D:10)
  2 necromancers (Depths:2)
  7 hill giants
  An orc knight (D:15)
  A deep elf mage (D:15)
  3 griffons (D:15)
  13 ugly things
  5 cyclopes
  A manticore (D:13)
  A wolf spider zombie (D:15)
  A black mamba (Depths:1)
  A guardian serpent (Depths:1)
  3 gargoyles
  A centaur skeleton (D:13)
  A freezing wraith (D:15)
  12 yaktaurs
  An efreet (D:14)
  4 tengu conjurers (Depths:1)
  A red devil (Depths:1)
  6 trolls
  A two-headed ogre (D:15)
  A wind drake (shapeshifter) (D:13)
  14 slime creatures
  A harpy skeleton (D:14)
  A hornet zombie (D:15)
  A centaur simulacrum (D:10)
  A spriggan (D:8)
  2 shadows (D:12)
  A tarantella (Depths:1)
  3 redbacks (Depths:3)
  4 wraiths (D:10)
  14 yaks
  2 wyverns
  4 fire bats (D:14)
  A vampire (D:12)
  A hippogriff (D:9)
  2 hungry ghosts
  2 mottled dragons
  A naga (Depths:1)
  3 vampire mosquitoes (D:15)
  A warg (D:15)
  3 soldier ants
  A hell hound (D:14)
  2 water moccasins
  5 ice beasts
  A phantom (D:6)
  3 sky beasts
  15 orc warriors
  3 wasps
  An eye of draining (D:15)
  11 ogres
  A wolf (shapeshifter) (D:15)
  3 boggarts (Depths:2)
  3 wolves (D:10)
  11 centaurs
  2 crocodiles
  A big kobold (D:8)
  10 giant frogs
  A wyvern skeleton (D:12)
  A gnoll sergeant (D:5)
  4 scorpions
  4 killer bees (D:10)
  7 howler monkeys
  8 wights
  4 electric eels (D:10)
  5 crimson imps
  2 giant frog zombies (D:10)
  A quasit (D:8)
  2 centaur zombies
  2 lava snakes (D:14)
  3 jellies
  2 gnoll shamans
  4 hounds
  7 orc priests
  18 orc wizards
  3 giant frog skeletons
  4 iguanas
  9 worker ants
  4 sheep (D:11)
  A giant frog simulacrum (D:10)
  A hound zombie (D:5)
  3 hound skeletons
  2 worker ant zombies (D:11)
  51 gnolls
  13 adders
  A hound simulacrum (D:10)
  4 shadow imps
  3 white imps
  2 worker ant simulacra (D:10)
  3 ufetubi (D:10)
  An ooze (D:5)
  2 adder skeletons
  2 worms
  A dart slug (D:2)
  An adder simulacrum (D:10)
  7 giant geckos
  71 orcs
  2 giant cockroaches
  9 goblins
  8 hobgoblins
  20 jackals
  14 kobolds
  7 quokkas
  2 ball pythons
  5 bats
  4 giant newts
  A quokka zombie (D:5)
  A rat (D:3)
  6 bushes (D:15)
  2 plants (Depths:2)
613 creatures vanquished.

Vanquished Creatures (others)
  A quicksilver dragon zombie (Depths:2)
  An ice dragon (Depths:3)
  A giant orange brain (Depths:2)
  A golden dragon skeleton (Depths:2)
  A necromancer (Depths:2)
  A spriggan zombie (Depths:2)
  6 bushes (D:15)
  A fire vortex (D:14)
13 creatures vanquished.

Grand Total: 626 creatures vanquished

Notes
Turn   | Place    | Note
--------------------------------------------------------------
     0 | D:1      | Wardy the Demonspawn Gladiator began the quest for the Orb.
     0 | D:1      | Reached XP level 1. HP: 16/16 MP: 1/1
  1042 | D:2      | Gained mutation: You regenerate a little health from kills. [demonic ancestry]
  1042 | D:2      | Reached XP level 2. HP: 22/22 MP: 2/2
  1148 | D:2      | Found a basalt altar of Yredelemnul.
  1471 | D:2      | Found a deep blue altar of Sif Muna.
  1566 | D:2      | Reached XP level 3. HP: 28/28 MP: 3/3
  1711 | D:3      | Reached skill level 1 in Armour
  1723 | D:3      | Gained mutation: Your movements are slightly less encumbered by armour (ER -2). [demonic ancestry]
  1723 | D:3      | Reached XP level 4. HP: 33/34 MP: 4/4
  1871 | D:3      | Reached XP level 5. HP: 34/40 MP: 5/5
  1998 | D:3      | Reached skill level 1 in Shields
  2003 | D:3      | Found a sacrificial altar of Ru.
  2044 | D:3      | Found a white marble altar of Elyvilon.
  2270 | D:3      | Found an opulent altar of Gozag.
  2527 | D:4      | Reached skill level 5 in Polearms
  2527 | D:4      | Gained mutation: You regenerate health from kills. [demonic ancestry]
  2527 | D:4      | Reached XP level 6. HP: 41/47 MP: 6/6
  2804 | D:4      | Found a staircase to the Ecumenical Temple.
  2842 | Temple   | Entered the Ecumenical Temple
  3070 | Temple   | Became a worshipper of Qazlal Stormbringer
  3545 | D:4      | Reached XP level 7. HP: 52/52 MP: 7/7
  3803 | D:5      | Entered Level 5 of the Dungeon
  4057 | D:5      | Reached * piety under Qazlal
  4086 | D:5      | Got a faintly humming scale mail
  4145 | D:5      | Identified the +6 scale mail "Fookimad" {MR+} (You found it on level 5 of the Dungeon)
  4174 | D:5      | Reached XP level 8. HP: 58/58 MP: 8/8
  4494 | D:5      | Reached ** piety under Qazlal
  5105 | D:6      | Reached skill level 10 in Polearms
  5188 | D:6      | Reached *** piety under Qazlal
  5231 | D:6      | Gained mutation: Your movements are less encumbered by armour (ER -4). [demonic ancestry]
  5231 | D:6      | Reached XP level 9. HP: 63/64 MP: 9/9
  6228 | D:7      | Reached skill level 1 in Invocations
  6254 | D:7      | Found a shadowy altar of Dithmenos.
  6631 | D:8      | Found a snail-covered altar of Cheibriados.
  6784 | D:8      | Reached **** piety under Qazlal
  6967 | D:8      | Reached skill level 5 in Dodging
  6967 | D:8      | Reached skill level 5 in Invocations
  7034 | D:8      | Found a staircase to the Lair.
  7227 | D:8      | Found a glowing silver altar of Zin.
  7638 | D:9      | Found a basalt altar of Yredelemnul.
  8018 | D:10     | Entered Level 10 of the Dungeon
  8025 | D:10     | Noticed a gargoyle
  8038 | D:10     | Gained mutation: Your movements are significantly less encumbered by armour (ER -6). [demonic ancestry]
  8038 | D:10     | Reached XP level 10. HP: 62/70 MP: 14/14
  8039 | D:10     | Killed a gargoyle
  8057 | D:10     | Noticed a hill giant
  8068 | D:10     | Killed an unseen horror
  8069 | D:10     | Killed a hill giant
  8317 | D:10     | Found Qovvanek's General Store.
  8362 | D:10     | Noticed Erolcha
  8364 | D:10     | Noticed Josephine
  8561 | D:10     | Killed Josephine
  8577 | D:10     | Gained mutation: You have sharp toenails. [demonic ancestry]
  8577 | D:10     | Reached XP level 11. HP: 75/75 MP: 17/17
  8601 | D:10     | Reached ***** piety under Qazlal
  8650 | D:10     | Noticed a hill giant
  8663 | D:10     | Killed a hill giant
  8827 | D:10     | Reached skill level 10 in Dodging
  8834 | D:10     | Paralysed by Erolcha for 5 turns
  8849 | D:10     | Killed Erolcha
  9601 | D:11     | Found an oddly glowing altar of Pakellas.
  9601 | D:11     | Found Pakellas's Prime Provisions.
  9623 | D:11     | Noticed a hill giant
  9646 | D:11     | Killed a hill giant
  9696 | D:11     | Noticed a hill giant
  9721 | D:11     | Killed a hill giant
  9979 | D:11     | Gained mutation: Scrolls take you a little longer to read. [mutagenic meat]
  9980 | D:11     | Gained mutation: Your natural rate of healing is unusually fast. [mutagenic meat]
  9982 | D:11     | Gained mutation: You possess an exceptional clarity of mind. [mutagenic meat]
 10156 | D:11     | Noticed a white ugly thing
 10171 | D:11     | Killed a white ugly thing
 10175 | D:11     | Gained mutation: Your flesh is cold resistant. [mutagenic meat]
 10359 | D:12     | Noticed a green ugly thing
 10364 | D:12     | Killed a green ugly thing
 10365 | D:12     | Noticed a brown ugly thing
 10372 | D:12     | Gained mutation: You sometimes gain a little power by taking damage. [demonic ancestry]
 10372 | D:12     | Reached XP level 12. HP: 45/81 MP: 19/19
 10439 | D:12     | Reached skill level 10 in Invocations
 10460 | D:12     | Reached ****** piety under Qazlal
 10527 | D:12     | Gained mutation: You can translocate small distances at will. [mutagenic meat]
 10528 | D:12     | Gained mutation: Your flesh is very cold resistant. [mutagenic meat]
 11089 | D:12     | Found a staircase to the Orcish Mines.
 12186 | D:13     | Gained mutation: You have razor-sharp toenails. [demonic ancestry]
 12186 | D:13     | Reached XP level 13. HP: 73/86 MP: 21/21
 13311 | D:15     | Entered Level 15 of the Dungeon
 14469 | D:15     | Found a staircase to the Depths.
 14474 | Depths:1 | Entered Level 1 of the Depths
 14476 | Depths:1 | Noticed a fire dragon
 14484 | Depths:1 | Reached skill level 5 in Armour
 14488 | Depths:1 | Noticed an iron dragon
 14495 | Depths:1 | Killed a fire dragon
 14498 | Depths:1 | Noticed a red very ugly thing
 14500 | Depths:1 | Noticed a red very ugly thing
 14504 | Depths:1 | Noticed a red very ugly thing
 14506 | Depths:1 | Gained mutation: You have claws for feet. [demonic ancestry]
 14506 | Depths:1 | Reached XP level 14. HP: 52/93 MP: 23/23
 14507 | Depths:1 | Killed a red very ugly thing
 14507 | Depths:1 | Killed a red very ugly thing
 14511 | Depths:1 | Killed a cyan very ugly thing
 14517 | Depths:1 | Killed an iron dragon
 14577 | Depths:1 | Gained mutation: Your spells are a little harder to cast, but a little more powerful. [mutagenic meat]
 14890 | Depths:1 | Noticed an ancient champion
 14944 | Depths:2 | Noticed a fire giant
 14957 | Depths:2 | Killed a fire giant
 14957 | Depths:2 | HP: 2/93 [hell knight/demon trident of flaming (7)]
 15131 | Depths:2 | Noticed a purple very ugly thing
 15134 | Depths:2 | Noticed a purple very ugly thing
 15145 | Depths:2 | Killed a brown very ugly thing
 15145 | Depths:2 | Gained mutation: You sometimes gain power by taking damage. [demonic ancestry]
 15145 | Depths:2 | Reached XP level 15. HP: 82/98 MP: 25/25
 15158 | Depths:2 | Gained mutation: Your body sometimes deteriorates upon taking damage. [mutagenic meat]
 15160 | Depths:2 | Gained mutation: Your mind is acute. (Int +2) [mutagenic meat]
 15161 | Depths:2 | Gained mutation: You have sharp fingernails. [mutagenic meat]
 15167 | Depths:2 | Gained mutation: Your mind is very acute. (Int +4) [mutagenic meat]
 15168 | Depths:2 | Gained mutation: Your body often deteriorates upon taking damage. [mutagenic meat]
 15287 | Depths:2 | Noticed a fire giant
 15305 | Depths:2 | Killed a fire giant
 15371 | Depths:2 | Noticed a fire giant
 15380 | Depths:2 | Killed a fire giant
 15806 | Depths:3 | Noticed a tentacled monstrosity
 15839 | Depths:3 | Noticed Wiglaf
 15853 | Depths:3 | Noticed a fire giant
 15859 | Depths:3 | Killed a tentacled monstrosity
 15859 | Depths:3 | Reached skill level 5 in Shields
 15872 | Depths:3 | Noticed a frost giant
 15874 | Depths:3 | Killed a fire giant
 15894 | Depths:3 | Killed a frost giant
 15915 | Depths:3 | Annihilated by Wiglaf

Skill      XL: |  1  2  3  4  5  6  7  8  9 10 11 12 13 14 15 |
---------------+----------------------------------------------+-----
Polearms       | 3 4 5 6 8 10 11 13 14 | 14.8
Armour         | 1 2 5 7 9 |  9.0
Fighting       | 3 |  3.2
Shields        | 1 6 |  6.3
Invocations    | 5 8 9 11 12 14 | 14.3
Dodging        | 5 9 12 14 | 14.4
Throwing       | |  1.7

Action                   |  1- 3 |  4- 6 |  7- 9 | 10-12 | 13-15 || total
-------------------------+-------+-------+-------+-------+-------++-------
Melee: Trident           |   124 |   366 |   165 |       |       ||   655
       Halberd           |       |       |   566 |   993 |   656 ||  2215
       Kick              |       |       |       |       |   282 ||   282
       Demon trident     |       |       |       |       |   288 ||   288
Invok: Disaster Area     |       |       |       |       |     4 ||     4
 Abil: Blink             |       |       |       |     5 |    13 ||    18
  Use: Scroll            |       |       |    12 |     7 |     7 ||    26
       Potion            |       |       |       |     3 |     8 ||    11
  Eat: Chunk             |     2 |     7 |    15 |    28 |    24 ||    76
       Royal jelly       |       |       |       |     1 |       ||     1
       Bread ration      |       |       |       |       |     1 ||     1
Armor: Leather armour    |    22 |       |       |       |       ||    22
       Plate armour      |    68 |   241 |       |       |       ||   309
       Scale mail        |       |    50 |   389 |   218 |   258 ||   915
Dodge: Dodged            |    60 |   181 |   509 |   751 |   933 ||  2434
       Deflected         |       |       |     1 |    12 |    29 ||    42
Block: Buckler           |    14 |    84 |    30 |       |    95 ||   223
       Other             |       |       |    88 |   275 |   278 ||   641
